 Dungeon Crawl Stone Soup version 0.26.0-16-gc1dbca0489 (webtiles) character file.

Game seed: 468512849966295277

37 thiole the Sneak (level 3, -8/21 HPs)
             Began as an Octopode Hedge Wizard on Jan 19, 2021.
             Mangled by an orc
             ... wielding a +1 hand axe of electrocution
              (18 damage)
             ... on level 3 of the Dungeon.
             The game lasted 00:01:30 (1447 turns).

thiole the Sneak (Octopode Hedge Wizard)            Turns: 1447, Time: 00:01:31

Health: -8/21      AC:  1    Str:  9    XL:     3   Next: 41%
Magic:  5/7        EV: 13    Int: 17    God:
Gold:   41         SH:  0    Dex: 11    Spells: 7/8 levels left

rFire    . . .     SeeInvis .   a - +0 dagger
rCold    . . .     Faith    .   (no shield)
rNeg     . . .     Spirit   .   b - +0 hat
rPois    .         Reflect  .   (no amulet)
rElec    .         Harm     .   (no ring)
rCorr    .         Rampage  .   (no ring)
Will     .....                  (no ring)
Stlth    +++.......             (no ring)
HPRegen  0.07/turn              (no ring)
MPRegen  0.10/turn              (no ring)
                                (no ring)
                                (no ring)

@: no status effects
A: almost no armour, stealthy swim, amphibious, 8 rings, constrict 8, camouflage
1, gelatinous body 1
a: no special abilities


You were on level 3 of the Dungeon.
You visited 1 branch of the dungeon, and saw 3 of its levels.

You collected 41 gold pieces.

Inventory:

Hand Weapons
 a - a +0 dagger (weapon)
Armour
 b - a +0 hat (worn)
Scrolls
 c - a scroll of blinking {unknown}
Potions
 d - a potion of curing {unknown}


   Skills:
 - Level 2.0 Dodging
 + Level 3.5 Stealth
 + Level 3.2 Spellcasting
 + Level 1.7 Conjurations
 + Level 1.8 Summonings
 - Level 1.0 Translocations


You had 7 spell levels left.
You knew the following spells:

 Your Spells              Type           Power        Failure   Level
a - Magic Dart            Conj           32%          9%          1

Your spell library contained the following spells:

 Spells                   Type           Power        Failure   Level
 Call Imp                 Summ           9%           12%         2
 Blink                    Tloc           N/A          17%         2
 Slow                     Hex            2%           26%         2
 Conjure Flame            Conj/Fire      5%           34%         3
 Mephitic Cloud           Conj/Pois/Air  4%           38%         3


Dungeon Overview and Level Annotations

Branches:
Dungeon (3/15)

Altars:


Innate Abilities, Weirdness & Mutations

You cannot wear most types of armour.
You are very stealthy in the water. (Stealth+)
You are amphibious.
You can wear up to eight rings at the same time.
You can use your tentacles to constrict eight enemies at once.
Your skin changes colour to match your surroundings (Stealth+).
Your rubbery body absorbs attacks. (AC +1, EV +1)


Message History

The magic dart hits the orc.
The orc is lightly wounded.
You hit the orc. You grab the orc.
The orc is heavily wounded.
You constrict the orc. The orc barely misses you.
You hit the orc.
You kill the orc!
You closely miss the orc. Your grab misses the orc.
The orc hits you but does no damage.
You hit the orc but do no damage. Your grab misses the orc.
The orc hits you with a +0 hand axe!
You hit the orc but do no damage. You grab the orc.
You constrict the orc, but do no damage.
The orc closely misses you.
You hit the orc. You squeeze the orc!
You kill the orc!
You hit the orc but do no damage. Your grab misses the orc.
The orc hits you but does no damage.
You are electrocuted!!
Ouch! That really hurt!
You die...

#..........# .....##
#....#####.# ..(....
#....# #.# ......#
#....# #.# .o....#
#....# #.##...$..#
#....#####.#.......#
#..........#)......#
######.#####........
#.#..@oo.......
#.#.###...†....
#.#.# #.......#
#.#.# #....<..#
#...# ####.####
##### ..# .##


You could see an orc wizard and an orc.

Vanquished Creatures
  An ooze (D:3)
  A worm (D:2)
  3 orcs (D:3)
  4 bats (D:1)
  A giant cockroach (D:1)
  2 goblins
  5 hobgoblins (D:1)
  3 frilled lizards
  4 kobolds (D:1)
  2 rats (D:1)
26 creatures vanquished.

Notes
Turn   | Place    | Note
-------+----------+-------------------------------------------
     0 | D:1      | thiole the Octopode Hedge Wizard began the quest for the
                  | Orb.
     0 | D:1      | Reached XP level 1. HP: 11/11 MP: 4/4
   364 | D:1      | Reached XP level 2. HP: 17/17 MP: 3/6
  1169 | D:2      | Reached XP level 3. HP: 8/21 MP: 1/7
  1447 | D:3      | Mangled by an orc

Illustrated notes

Levels and vault maps discovered:
D:1:      dpeg_arrival_solitude, layout_basic
D:2:      layout_rooms
D:3:      layout_loops_cross, minmay_puff

Skill      XL: |  1  2 |
---------------+-------+-----
Stealth        | 3 |  3.5
Dodging        | |  2.0
Spellcasting   | |  3.2
Conjurations   | |  1.7
Summonings     | |  1.8
Translocations | |  1.0

Action                   || total
-------------------------++-------
Melee: Dagger            ||    45
       Constrict         ||    13
       Tentacles         ||     5
 Cast: Magic Dart        ||    50
 Stab: Sleeping          ||     1
Armor: Skin              ||    10
Dodge: Dodged            ||    26
